Map: Kairos Junction LE

Players

TiPtOP

  • Race: Terran Terran
  • League: Silver
  • Spawn Location: 5:00

RememberMe - Winner!

  • Race: Terran Terran
  • League: Silver
  • Spawn Location: 11:00

VOD

Have the link to the VOD?

Description

Time

  • Played on: Aug. 16, 2019, 11:17 p.m.
  • Length: 22:21
Show
View Real Time Build Order
Export as new Build Order

TiPtOP Terran 

Build Orders: Mech 

Get SALT Encoding   

  12  0:01  SCV  
  13  0:13  SCV  
  14  0:18  Supply Depot  
  14  0:25  SCV  
  15  0:40  SCV  
  15  0:42  Barracks  
  16  0:49  Refinery  
  16  0:52  SCV  
  17  1:06  SCV  
  18  1:18  SCV  
  19  1:27  Command Center  
  19  1:31  Marine  
  20  1:42  Orbital Command  
  20  1:54  Supply Depot  
  20  2:12  SCV  
  21  2:23  Bunker  
  21  2:24  SCV  
  22  2:36  SCV  
  23  2:39  Barracks Tech Lab  
  23  2:42  Factory  
  23  2:49  SCV  
  24  2:54  Refinery  
  24  2:55  Orbital Command  
  23  3:03  SCV  
  24  3:16  SCV  
  24  3:18  Supply Depot  
  25  3:26  SCV  
  26  3:28  SCV  
  27  3:34  Factory  
  27  3:38  SCV  
  28  3:43  SCV  
  29  3:50  SCV  
  29  3:55  SCV  
  31  3:56  Factory  
  31  3:58  Armory  
  31  4:02  SCV  
  32  4:06  Supply Depot  
  32  4:10  Siege Tank  
  35  4:19  SCV x2  
  37  4:27  Factory Reactor  
  37  4:31  SCV, Supply Depot  
  38  4:34  Command Center  
  38  4:46  Terran Vehicle Weapons Level 1  
  38  4:48  Engineering Bay  
  38  4:56  Factory Reactor  
  38  5:03  SCV x2  
  38  5:07  Refinery  
  40  5:10  Hellbat x2  
  40  5:13  Siege Tank  
  47  5:15  SCV x2  
  49  5:24  Missile Turret  
  49  5:27  SCV x2  
  51  5:34  Hellbat x2  
  55  5:39  SCV  
  55  5:41  Hellbat  
  58  5:50  Factory  
  58  5:51  Refinery  
  58  5:58  SCV x2  
  58  6:08  Missile Turret  
  58  6:10  SCV x2  
  48  6:29  Hellion x3, Thor  
  48  6:32  SCV x2  
  48  6:41  Marine  
  48  6:44  SCV x2  
  44  6:59  Marine  
  43  7:02  SCV x2  
  43  7:12  Thor, Factory Tech Lab  
  43  7:14  SCV  
  43  7:15  SCV  
  51  7:17  Marine  
  51  7:21  Orbital Command  
  52  7:27  SCV  
  53  7:34  Marine  
  54  7:39  SCV  
  55  7:45  Factory Tech Lab  
  55  7:47  Missile Turret  
  55  7:51  SCV x2  
  57  8:03  SCV  
  57  8:15  SCV  
  58  8:27  SCV  
  58  8:33  SCV  
  60  8:38  Refinery  
  60  8:39  Thor x2, SCV  
  73  8:43  Terran Vehicle And Ship Armor Level 1  
  73  8:51  SCV  
  73  8:53  Factory  
  74  9:04  SCV  
  75  9:22  Thor  
  75  9:23  Command Center, Neosteel Armor  
  74  9:44  Hellbat  
  76  9:47  Hellbat  
  76  9:57  Hellbat  
  77  10:05  Hellbat  
  75  10:08  Hellbat  
  73  10:35  Hellbat  
  73  10:50  Thor  
  64  10:59  Hellion x2  
  66  11:05  Orbital Command  
  66  11:07  Orbital Command  
  66  11:18  SCV x2, Supply Depot  
  62  11:19  Supply Depot  
  62  11:20  Hellion  
  62  11:21  Hellion, Supply Depot  
  60  11:30  SCV x2  
  56  11:33  Thor  
  62  11:41  Hellion x4  
  62  11:42  Hellbat x2  
  62  11:43  Supply Depot  
  62  11:45  Supply Depot  
  66  11:56  Factory Reactor  
  66  11:57  Siege Tank  
  69  12:03  Hellbat x2  
  59  12:16  Thor  
  65  12:25  Hellion x2  
  65  12:29  Hellion  
  71  12:32  Hellbat  
  72  12:43  Hellbat  
  66  12:46  Hellbat x2  
  66  12:50  Thor  
  76  12:52  Orbital Command  
  76  12:53  Hellbat, Orbital Command  
  76  12:56  Orbital Command  
  78  12:59  Thor, SCV  
  78  13:04  Hellbat  
  87  13:07  Hellbat  
  87  13:11  SCV  
  90  13:23  SCV  
  91  13:33  Thor  
  97  13:42  Thor  
  97  13:46  Infernal Pre-Igniter  
  103  13:59  Hellbat  
  103  14:00  Hellbat x2  
  109  14:11  Refinery, SCV  
  109  14:15  Thor  
  116  14:26  SCV  
  116  14:30  Siege Tank  
  104  14:39  SCV  
  104  14:41  Hellbat x3  
  82  14:53  Hellbat  
  82  14:58  Thor  
  89  15:02  Thor, Hellbat x2  
  100  15:07  SCV x2, Orbital Command  
  101  15:17  Hellbat  
  101  15:36  SCV x2  
  101  15:41  Thor  
  97  15:45  Thor  
  97  15:49  SCV x2  
  93  16:06  SCV  
  92  16:18  SCV  
  90  16:24  Thor  
  96  16:29  Refinery  
  96  16:30  SCV  
  97  16:33  Refinery  
  97  16:42  SCV  
  92  16:53  Hellbat  
  94  16:54  SCV  
  95  17:02  Supply Depot  
  95  17:07  Hellbat  
  97  17:14  Hellbat  
  99  17:16  Refinery  
  99  17:26  Supply Depot  
  99  17:27  Refinery, Command Center  
  99  17:28  Thor  
  99  17:35  Thor  
  105  18:04  Missile Turret  
  105  18:11  Thor  
  111  18:18  Hellion  
  112  18:28  Factory  
  112  18:30  Factory  
  110  18:40  Hellion  
  94  18:54  Hellion  
  96  19:00  Factory  
  96  19:01  Hellion  
  98  19:05  Supply Depot  
  99  19:11  Orbital Command  
  99  19:16  Hellion  
  100  19:22  Hellbat  
  102  19:27  Supply Depot  
  102  19:37  Hellbat  
  104  19:43  Supply Depot  
  104  19:44  Hellion, Command Center, Supply Depot  
  106  19:49  Refinery  
  106  19:51  Refinery  
  106  19:53  Missile Turret, Command Center  
  106  19:58  Hellion  
  106  20:05  Thor  
  109  20:14  Hellion x7  
  109  20:18  Thor, Hellbat x3  
  109  20:19  Thor, Hellbat  
  56  21:08  Planetary Fortress  
  33  21:22  Hellion x2  
  33  21:25  Hellion x2  
  24  21:42  Hellion x2  
  24  21:45  Hellion x2  
Show
View Real Time Build Order
Export as new Build Order

RememberMe Terran - Winner!

Build Orders:  

Get SALT Encoding   

  12  0:00  SCV  
  13  0:13  SCV  
  14  0:25  SCV  
  14  0:26  Supply Depot  
  15  0:48  SCV, Barracks  
  16  0:55  Refinery  
  16  0:56  Refinery  
  16  1:00  SCV  
  17  1:12  SCV  
  18  1:24  SCV  
  19  1:36  Supply Depot  
  19  1:37  Barracks Reactor  
  20  1:41  Orbital Command  
  19  1:51  Engineering Bay  
  19  2:01  Barracks  
  19  2:06  Factory  
  19  2:09  SCV  
  19  2:15  Marine x2  
  22  2:23  SCV  
  23  2:33  Supply Depot  
  23  2:35  SCV, Marine x2  
  26  2:47  SCV  
  27  2:54  Marine x2  
  27  2:57  Barracks Tech Lab  
  29  2:58  Factory Tech Lab  
  29  3:00  Starport  
  29  3:09  SCV  
  30  3:18  Combat Shield  
  30  3:21  Bunker, SCV  
  30  3:24  Siege Tank  
  34  3:37  Marine x2  
  34  3:39  SCV  
  37  3:42  Starport Reactor  
  37  3:47  Missile Turret  
  37  3:51  SCV  
  38  4:03  Marine  
  38  4:06  Supply Depot  
  38  4:08  Missile Turret  
  39  4:28  Marine, Medivac x2  
  39  4:29  Marine  
  39  4:30  Supply Depot  
  45  4:32  Marauder  
  47  4:49  Command Center  
  47  4:51  Marine x2  
  49  4:55  Supply Depot  
  49  4:59  Widow Mine  
  51  5:29  Marine  
  51  5:30  Marine  
  51  5:32  Siege Tank  
  51  5:34  Supply Depot  
  56  6:05  Refinery  
  55  6:29  Refinery  
  55  6:55  Missile Turret  
  47  7:13  Marine x2  
  47  7:14  Marauder  
  54  7:15  Siege Tank  
  54  7:16  Missile Turret  
  54  7:17  Medivac x2  
  54  7:19  Orbital Command  
  54  7:22  Supply Depot  
  58  7:23  Terran Infantry Weapons Level 1  
  58  7:31  Marine x2  
  58  7:35  Marine  
  61  7:47  Siege Tank  
  61  7:48  SCV, Marine  
  61  7:49  Marine  
  67  7:52  Marine  
  67  7:53  SCV  
  69  8:00  SCV  
  70  8:05  SCV  
  70  8:06  Marine x2  
  70  8:10  Marine  
  71  8:12  SCV  
  71  8:18  SCV  
  74  8:20  Widow Mine, Medivac x2  
  74  8:24  Marine x2  
  80  8:40  Command Center  
  80  8:41  Siege Tank  
  83  8:42  SCV x2  
  85  8:54  SCV x2  
  87  9:06  SCV x2  
  89  9:13  Siege Tank  
  92  9:18  SCV x2  
  94  9:51  SCV  
  94  10:15  Marine x3  
  94  10:17  Siege Tank  
  94  10:18  Medivac x2  
  104  10:33  Marine x3  
  107  10:49  Siege Tank  
  108  10:51  Marine x3  
  78  11:21  Siege Tank  
  72  11:38  Marine x3  
  75  11:41  Medivac x2  
  75  11:46  SCV x2  
  81  11:53  Siege Tank  
  84  11:55  Refinery, Marine x2  
  84  11:56  Marine  
  84  11:58  SCV x2  
  84  11:59  Terran Infantry Armor Level 1  
  84  12:00  Armory  
  89  12:10  SCV x2  
  89  12:11  Medivac x2  
  89  12:13  Marine x3  
  93  12:19  Refinery  
  93  12:26  Siege Tank  
  96  12:31  Marine x3  
  86  12:49  Marine  
  80  13:02  Starport  
  80  13:06  Marine x2  
  80  13:07  Marine  
  80  13:10  Thor  
  80  13:12  Medivac x2  
  93  13:15  Factory  
  93  13:24  Marine x2  
  93  13:25  Marine  
  96  13:42  Marine x2  
  96  13:43  Marine  
  98  13:53  Thor  
  104  14:00  Marine x3, Factory Tech Lab  
  104  14:01  Starport Tech Lab  
  107  14:05  Starport  
  107  14:09  Factory  
  107  14:18  Marine  
  96  14:47  Marine  
  96  14:48  Marine x2  
  96  14:50  Siege Tank  
  96  14:51  Medivac x2  
  102  15:05  Marine x2  
  102  15:06  Marine  
  105  15:22  Siege Tank  
  105  15:23  Marine  
  109  15:38  Marine  
  109  15:39  Marine  
  109  15:41  Marine  
  98  15:54  Siege Tank  
  98  15:56  Marine x2  
  94  15:59  Marine  
  95  16:14  Marine x2  
  95  16:17  Marine  
  92  16:26  Siege Tank, Starport Tech Lab  
  92  16:32  Marine x2  
  95  16:34  Marine  
  96  16:40  Thor  
  96  16:41  Command Center  
  92  16:50  Marine  
  92  16:52  Marauder  
  94  16:58  Siege Tank  
  97  17:04  Supply Depot, Factory Tech Lab  
  97  17:06  Supply Depot  
  97  17:14  Marauder  
  91  17:23  Thor  
  91  17:26  Terran Vehicle Weapons Level 1  
  91  17:27  Terran Infantry Weapons Level 2  
  95  17:30  Siege Tank  
  95  17:31  Marine x2  
  95  17:35  Siege Tank, Marauder  
  105  17:39  Medivac  
  105  17:40  Medivac  
  109  17:49  Marine x2  
  111  17:56  Refinery, Marauder  
  113  18:03  Siege Tank  
  116  18:06  Raven, Thor  
  116  18:07  Marine x2  
  116  18:08  Banshee  
  129  18:18  Marauder  
  129  18:19  Refinery  
  131  18:24  Marine  
  131  18:25  Marine  
  131  18:39  Marine  
  118  18:50  Marine x2  
  118  18:53  Thor x3  
  118  18:55  Raven  
  138  18:56  Marine  
  138  19:01  Supply Depot  
  141  19:07  Marine  
  141  19:08  Marine  
  143  19:14  Marine  
  144  19:25  Marine  
  144  19:26  Marine  
  144  19:30  Cloaking Field  
  146  19:32  Marine  
  146  19:34  Corvid Reactor  
  147  19:43  Marine x2  
  149  19:50  Marine  
  150  20:01  Marine x2  
  150  20:02  Thor  
  150  20:03  Thor  
  164  20:11  Marine, Medivac x2, Supply Depot  
  169  20:15  Supply Depot  
  169  20:19  Marine x2  
  171  20:29  Marine  
  171  20:32  Thor  
  178  20:37  Marine x2  
  177  20:47  Marauder  
  165  21:09  Marauder  
  155  21:15  Liberator  
  136  21:28  Thor x3  
  136  21:29  Medivac x2  
  161  21:32  Marine  
  161  21:33  Marine x2  
  164  21:50  Marine x2  
  164  21:51  Marauder  
Tags
 
Composition
Mech
Matchup
TvT
Race
Terran
Spawn Locations
Cross Positions
Add a new tag
Caveats
  • Supply blocks, unpowered buildings, or Contaminate may cause inaccurate times.
  • Supply counts are checked every 10 seconds.